[Event "IV Elllobregat Open Chess Tmnt"]
[Site "Sant Boi de Llobregat, Spain"]
[Date "2023.12.02"]
[Round "3.42"]
[White "Jerez Perez, Alfonso"]
[Black "Kaasen, Tor Fredrik"]
[Result "1/2-1/2"]
[TimeControl "90min/40moves + 15min/end + 30sec from move 1"]
[WhiteFideId "2204100"]
[BlackFideId "1516647"]
[WhiteElo "2350"]
[BlackElo "2471"]

1. e4 e6 2. d4 d5 3. e5 c5 4. c3 Nc6 5. Nf3 Qb6 6. a3 Nh6 7. b4 cxd4 8. Bxh6 gxh6 9. cxd4 Rg8 10.
Nc3 Bd7 11. Na4 Qd8 12. g3 Rc8 13. Bd3 a5 14. b5 Na7 15. Qb3 Rc4 16. Nc3 Nxb5 17. Nxb5 a4 18. Qb2 Qa5+ 19. Nd2 Bxb5 20.
O-O Ba6 21. Nxc4 dxc4 22. Be4 c3 23. Qb1 Bxf1 24. Qxb7 Be7 25. Kxf1 Kf8 26. Rb1 Bxa3 27. d5 c2 28. Bxc2 Qxd5 29.
Qxd5 exd5 30. Rb8+ Kg7 31. Rxg8+ 1/2-1/2

[Event "IV Elllobregat Open Chess Tmnt"]
[Site "Sant Boi de Llobregat, Spain"]
[Date "2023.12.02"]
[Round "3.43"]
[White "Hulka, Valentyn"]
[Black "Martinez Ramirez, Lennis"]
[Result "1-0"]
[TimeControl "90min/40moves + 15min/end + 30sec from move 1"]
[WhiteFideId "34107061"]
[BlackFideId "3509079"]
[WhiteElo "2310"]
[BlackElo "2461"]

1. d4 Nf6 2. c4 e6 3. Nf3 c5 4. d5 exd5 5. cxd5 d6 6.
Nc3 g6 7. e4 a6 8. a4 Bg4 9. Be2 Bg7 10. Nd2 Bxe2 11. Qxe2 O-O 12. Nc4 b6 13. O-O Ra7 14. Ra3 Ne8 15.
Rb3 Nd7 16. Bf4 Qc7 17. Re1 Rb7 18. h3 Bd4 19. Bg3 Ne5 20. Nxe5 dxe5 21. Qxa6 Nd6 22. Nb5 Nxb5 23. Qxb5 Ra8 24.
Qc4 Rba7 25. Ra1 Qd8 26. Kh1 h5 27. Bh2 Bxf2 28. Bxe5 Qe8 29. Bc3 Rxa4 30. Rba3 b5 31. Qe2 Bd4 32. Rxa4 bxa4 33. Bxd4 cxd4 34.
Qd3 Qe5 35. Rd1 a3 36. bxa3 Ra4 37. Qb3 Ra8 38. Qd3 Ra4 39. Qb3 Ra8 40. Qb4 Qxe4 41. d6 Qe3 42. d7 Rd8 43. Re1 Qf2 44.
Re8+ Kh7 45. Qd6 Rxd7 46. Qxd7 Qf1+ 47. Kh2 Qf4+ 48. Kg1 Qc1+ 49. Kf2 Qd2+ 50. Re2 Qf4+ 51. Kg1 Qc1+ 52. Kh2 Qf4+ 53. g3 Qf3 54. Rg2 h4 55.
Qxd4 hxg3+ 56. Rxg3 Qf2+ 57. Qxf2 1-0

[Event "IV Elllobregat Open Chess Tmnt"]
[Site "Sant Boi de Llobregat, Spain"]
[Date "2023.12.02"]
[Round "3.44"]
[White "Alinasab, Mobina"]
[Black "Morris, James"]
[Result "1-0"]
[TimeControl "90min/40moves + 15min/end + 30sec from move 1"]
[WhiteFideId "12528897"]
[BlackFideId "3205800"]
[WhiteElo "2306"]
[BlackElo "2453"]

1. e4 c5 2. Nc3 Nc6 3. f4 e6 4. Nf3 a6 5. g3 d5 6. d3 Nf6 7. e5 d4 8. exf6 dxc3 9. bxc3 Qxf6 10.
Bb2 h5 11. Qe2 Bd7 12. Bg2 O-O-O 13. Rb1 Bd6 14. c4 Qe7 15. Bxg7 Rhg8 16. Bc3 h4 17. Nxh4 Bxf4 18. O-O Bc7 19.
Bf6 Qd6 20. Nf3 Rde8 21. Ng5 Rxg5 22. Bxg5 f5 23. Qf2 Rg8 24. Bf4 e5 25. Be3 b6 26. Bxc6 Qxc6 27. Qg2 f4 28. Qxc6 Bxc6 29. Bf2 Kd7 30. Rfe1 Ke6 31.
Kf1 Kf5 32. gxf4 Bg2+ 33. Ke2 exf4 34. Kd2 Bd8 35. c3 Bf3 36. Rg1 Re8 37. Rbe1 Rh8 38. d4 Be4 39. h4 Bxh4 40. Bxh4 Rxh4 41.
Rg8 Rh2+ 42. Re2 Rxe2+ 43. Kxe2 Bb1 44. Rf8+ Ke4 45. Re8+ Kf5 46. a3 Ba2 47. Kf3 cxd4 48. cxd4 Bxc4 49. Re5+ Kf6 50. Kxf4 b5 51. d5 Bb3 52.
Re6+ Kf7 53. Ke5 a5 54. Kd6 Bc4 55. Re4 Bd3 56. Re3 Bc4 57. Kc6 b4 58. axb4 axb4 59. Re4 1-0

[Event "IV Elllobregat Open Chess Tmnt"]
[Site "Sant Boi de Llobregat, Spain"]
[Date "2023.12.02"]
[Round "3.45"]
[White "Sai Agni Jeevitesh, J"]
[Black "Peyrer, Konstantin"]
[Result "0-1"]
[TimeControl "90min/40moves + 15min/end + 30sec from move 1"]
[WhiteFideId "5070147"]
[BlackFideId "1640879"]
[WhiteElo "2302"]
[BlackElo "2447"]

1. d4 Nf6 2. Nf3 e6 3. c4 d5 4. g3 Bb4+ 5. Bd2 Be7 6. Bg2 O-O 7. O-O c6 8. Qc2 Nbd7 9. Bf4 a5 10.
Rd1 a4 11. Ne5 Qa5 12. Nxd7 Bxd7 13. c5 Rfc8 14. Nc3 Qb4 15. a3 Qc4 16. Rac1 Nh5 17. e3 Qa6 18. Bf1 Qa5 19. Bd3 Nxf4 20.
gxf4 f5 21. Kh1 b6 22. Na2 bxc5 23. dxc5 Qd8 24. Nc3 Qa5 25. Ne2 Qc7 26. Rg1 Ra5 27. Qc3 g6 28. Qd4 Qd8 29. Qe5 Qf8 30. Nd4 Qg7 31. Rc2 Qxe5 32.
fxe5 Rxc5 33. Bxf5 exf5 34. e6 Be8 35. Nxf5 Bf8 0-1

[Event "IV Elllobregat Open Chess Tmnt"]
[Site "Sant Boi de Llobregat, Spain"]
[Date "2023.12.02"]
[Round "3.46"]
[White "Akbas, Umut Ata"]
[Black "Tyurin, Artem"]
[Result "1/2-1/2"]
[TimeControl "90min/40moves + 15min/end + 30sec from move 1"]
[WhiteFideId "44572646"]
[BlackFideId "44130112"]
[WhiteElo "2446"]
[BlackElo "2302"]

1. d4 Nf6 2. c4 e6 3. Nc3 Bb4 4. e3 O-O 5. Bd2 c5 6. a3 Bxc3 7. Bxc3 Ne4 8. Ne2 b6 9. d5 Ba6 10.
Qd3 exd5 11. Qxd5 Qe7 12. b3 Re8 13. Bb2 Nxf2 14. Kxf2 Qxe3+ 15. Ke1 Qxb3 16. Qd2 Bxc4 17. Kf2 d5 18.
Rd1 Nc6 19. Nc1 Qa4 20. Bxc4 dxc4 21. Rhe1 Nd4 22. Ne2 Nxe2 23. Rxe2 Rxe2+ 24. Qxe2 Re8 25. Qd2 Qc6 26. Qd5 Qxd5 27.
Rxd5 f6 28. Rd7 a6 29. Ra7 b5 30. Rxa6 Rd8 31. Ke2 Re8+ 32. Kd1 Rd8+ 33. Kc2 b4 34. Rb6 Re8 35. Kd1 Rd8+ 36. Ke2 Re8+ 37.
Kf2 Rd8 38. Ke2 Re8+ 39. Kf2 Rd8 40. axb4 Rd2+ 41. Ke3 Rxb2 42. bxc5 c3 43. Kd3 Rxg2 44. Kxc3 Kf7 45. Rb1 Rxh2 46.
c6 Ke7 47. Rd1 Ra2 48. Rd7+ Ke6 49. Rxg7 1/2-1/2

[Event "IV Elllobregat Open Chess Tmnt"]
[Site "Sant Boi de Llobregat, Spain"]
[Date "2023.12.02"]
[Round "3.47"]
[White "Ahmad, Khagan"]
[Black "Heimann, Mark"]
[Result "1-0"]
[TimeControl "90min/40moves + 15min/end + 30sec from move 1"]
[WhiteFideId "13431552"]
[BlackFideId "2028441"]
[WhiteElo "2285"]
[BlackElo "2440"]

1. Nf3 d5 2. d4 Nf6 3. c4 e6 4. g3 Bb4+ 5. Bd2 Be7 6. Bg2 O-O 7. Qc2 Nbd7 8. O-O c6 9. Bf4 a5 10.
b3 b5 11. cxb5 cxb5 12. Bc7 Qe8 13. Qc6 Ra7 14. Rc1 b4 15. Nbd2 Bb7 16. Qc2 Qa8 17. e3 Ba6 18. Qd1 h6 19.
h4 Bd3 20. Ne5 Nxe5 21. Bxe5 Ne4 22. Nxe4 Bxe4 23. Qg4 g6 24. Bxe4 dxe4 25. Qf4 Kh7 26. Bf6 Bxf6 27. Qxf6 a4 28.
bxa4 Qd8 29. Qf4 Qa8 30. Rab1 Rxa4 31. Rc7 Kg7 32. h5 Qd5 33. hxg6 Kxg6 34. Rc5 Qxa2 35. Qg4+ Kh7 36. Qxe4+ f5 37.
Qb7+ Kg6 38. Rxb4 Rxb4 39. Qxb4 Qa1+ 40. Kg2 Qa8+ 41. d5 exd5 42. Ra5 Qd8 43. Qc5 h5 44.
Qxd5 Qxd5+ 45. Rxd5 Ra8 46. Rd6+ Kg7 47. Rd2 Kg6 48. Kh3 Ra4 49. Rd6+ Kg7 50. Kg2 Ra2 51. Re6 Rb2 52. e4 fxe4 53.
Rxe4 Kg6 54. Rf4 Kg5 55. Rf8 Kg6 56. Kh3 Kg7 57. Rf4 Kg6 58. Kg2 Kg5 59. Rd4 Ra2 60. Rd5+ Kg6 61. Rd8 Kg5 62.
Rg8+ Kh6 63. Rd8 Kg5 64. Kf3 Kf5 65. Rd5+ Kg6 66. Ke3 Rb2 67. f3 Rb4 68. Rd4 Rb6 69. Rd2 Rb4 70. Kf2 Kf5 71.
Kg2 Rb1 72. Rd5+ Kg6 73. Rd6+ Kg7 74. Re6 Ra1 75. f4 Rb1 76. Kf3 Rb3+ 77. Re3 Rb4 78. Re4 Rb3+ 79. Kg2 Rb1 80. Ra4 Kg6 81.
Ra6+ Kg7 82. Re6 Ra1 83. Kf3 Rf1+ 84. Ke2 Ra1 85. Kf2 Rb1 86. Rc6 Ra1 87. Kg2 Rb1 88. Rc2 Kg6 89. Re2 Ra1 90.
Kf3 Ra3+ 91. Re3 Ra4 92. Re6+ Kg7 93. Re1 Ra3+ 94. Kg2 Kf6 95. Kh3 Ra2 96. Re5 Kg6 97. Re6+ Kg7 98. Rc6 Ra1 99.
Kh4 Rh1+ 100. Kg5 Rg1 101. Rg6+ Kf7 102. Kxh5 Rh1+ 103. Kg5 Rg1 104. Kf5 1-0

[Event "IV Elllobregat Open Chess Tmnt"]
[Site "Sant Boi de Llobregat, Spain"]
[Date "2023.12.02"]
[Round "3.48"]
[White "Trost, Edvin"]
[Black "Salinas Tomas, Daniel"]
[Result "1/2-1/2"]
[TimeControl "90min/40moves + 15min/end + 30sec from move 1"]
[WhiteFideId "1729519"]
[BlackFideId "24597716"]
[WhiteElo "2440"]
[BlackElo "2281"]

1. d4 Nf6 2. c4 e6 3. Nc3 Bb4 4. f3 c5 5. d5 d6 6. e4 b5 7. Nge2 O-O 8. Nf4 e5 9. Nfe2 bxc4 10.
Ng3 Bxc3+ 11. bxc3 Nbd7 12. Bxc4 Qa5 13. Bd2 Ba6 14. Qe2 Bxc4 15. Qxc4 Nb6 16. Qe2 Qa4 17. O-O Nc4 18. Bg5 Nd7 19.
Be7 Rfb8 20. Nf5 Rb2 21. Qe1 Qc2 22. Qg3 g6 23. f4 Qxg2+ 24. Qxg2 Rxg2+ 25. Kxg2 gxf5 26. Rg1 f6 27. fxe5 dxe5 28.
exf5 Kf7 29. d6 Ne3+ 30. Kf3 Nxf5 31. Ke4 Ke6 32. Rad1 c4 33. Kf3 Re8 34. Rg4 Nxe7 35. dxe7 Nb6 36. a4 Rxe7 37. Rh4 Rc7 38. a5 Nd5 39. Rc1 Rc5 40. a6 Ra5 1/2-1/2

[Event "IV Elllobregat Open Chess Tmnt"]
[Site "Sant Boi de Llobregat, Spain"]
[Date "2023.12.02"]
[Round "3.49"]
[White "Karamsetty, Jeevan"]
[Black "Johansson, Linus"]
[Result "0-1"]
[TimeControl "90min/40moves + 15min/end + 30sec from move 1"]
[WhiteFideId "2025337"]
[BlackFideId "1711113"]
[WhiteElo "2280"]
[BlackElo "2439"]

1. e4 e6 2. d3 d5 3. Nd2 Nf6 4. Ngf3 Nc6 5. c3 Bd6 6. Be2 O-O 7. O-O Re8 8. Re1 e5 9. exd5 Nxd5 10.
Nc4 h6 11. Qb3 Nb6 12. Nxb6 axb6 13. Bf1 Be6 14. Qc2 Bd5 15. Nd2 Ne7 16. b4 Ng6 17. Ne4 Bf8 18. Ng3 Qd7 19. a3 Qc6 20.
Qb2 b5 21. Nf5 Be6 22. Ng3 Rad8 23. Bd2 Nf4 24. Re3 g6 25. Ne4 Bg7 26. Rae1 b6 27. f3 Nd5 28. R3e2 f5 29. Nf2 Bf7 30.
Qc1 Kh7 31. g3 Qd7 32. Bg2 c5 33. Qc2 Rc8 34. bxc5 Rxc5 35. Rc1 Rec8 36. Nd1 b4 37. c4 bxa3 38. Qa2 b5 39. Qxa3 bxc4 40.
dxc4 Rxc4 41. Rxc4 Rxc4 42. Nb2 Rc2 43. Bf1 e4 44. Nd1 Nb6 45. Be3 Nc4 46. Qa7 Qxd1 47. Rxc2 Nxe3 48. Rf2 Nxf1 49.
Kg2 exf3+ 50. Kh3 Bc4 51. Rb2 Qd4 52. Qxd4 Bxd4 53.
Rb7+ Bg7 54. Rc7 Ne3 0-1

[Event "IV Elllobregat Open Chess Tmnt"]
[Site "Sant Boi de Llobregat, Spain"]
[Date "2023.12.02"]
[Round "3.50"]
[White "Le Goff, Ronan"]
[Black "Fromm, Marius"]
[Result "0-1"]
[TimeControl "90min/40moves + 15min/end + 30sec from move 1"]
[WhiteFideId "612073"]
[BlackFideId "12993190"]
[WhiteElo "2278"]
[BlackElo "2437"]

1. d4 d5 2. Nf3 Nc6 3. Bf4 Bg4 4. h3 Bxf3 5. exf3 e6 6. c3 Bd6 7. Bxd6 Qxd6 8. Bb5 Nge7 9. O-O O-O-O 10. Nd2 g5 11. Nb3 h5 12. Nc5 Rdg8 13. Bxc6 Nxc6 14. Nd3 g4 15. h4 g3 16. Qd2 Ne7 17. Qf4 Nf5 18. fxg3 Rxg3 19.
Rae1 Rhg8 20. Re2 Qe7 21. Ne5 Nxh4 22. Rff2 Nf5 23. Nc6 Qe8 24. Ne5 Kb8 25. b3 R3g7 26. Rc2 f6 27. Nd3 h4 28.
c4 Qh5 29. cxd5 exd5 30. Nc5 h3 31. Qh2 Nxd4 0-1

[Event "IV Elllobregat Open Chess Tmnt"]
[Site "Sant Boi de Llobregat, Spain"]
[Date "2023.12.02"]
[Round "3.51"]
[White "Movsziszian, Karen"]
[Black "Wahedi, Ahmad Siar"]
[Result "0-1"]
[TimeControl "90min/40moves + 15min/end + 30sec from move 1"]
[WhiteFideId "13301152"]
[BlackFideId "4651260"]
[WhiteElo "2435"]
[BlackElo "2275"]

1. g3 d5 2. Nf3 g6 3. Bg2 Bg7 4. O-O e5 5. d3 Nc6 6. c3 h6 7. e4 dxe4 8. dxe4 Qxd1 9. Rxd1 Nf6 10.
Re1 Be6 11. b4 Nd7 12. a4 a5 13. b5 Ne7 14. Be3 Nc8 15. Nfd2 Nd6 16. Na3 b6 17. Bf1 Bf8 18. Nac4 Nb7 19.
f4 Bc5 20. f5 Bxc4 21. Bxc4 Bxe3+ 22. Rxe3 Nd6 23. Bd5 Rd8 24. fxg6 fxg6 25. Nf3 Ke7 26. Bc6 Nc4 27. Re2 Nf6 28.
Rf1 g5 29. h4 Rd3 30. Bd5 Nxd5 31. exd5 Kd6 32. Re4 Rxc3 33. hxg5 hxg5 34. Rfe1 Rxf3 35. Rxc4 Rxg3+ 36. Kf2 Rd3 37. Rc6+ Kd7 38. Rxe5 Rh2+ 39. Kg1 Ra2 40. Rc1 Rg3+ 41.
Kf1 Rgg2 42. Rf5 Rh2 43. Kg1 Rag2+ 44. Kf1 Rh1+ 45. Kxg2 Rxc1 46. Rxg5 Rc4 47. Rg6 Rxa4 48. d6 Rb4 49.
dxc7 Kxc7 50. Rg5 Kd6 51. Kf3 Rd4 0-1

[Event "IV Elllobregat Open Chess Tmnt"]
[Site "Sant Boi de Llobregat, Spain"]
[Date "2023.12.02"]
[Round "3.52"]
[White "Sherman, Raem"]
[Black "Malek, Jan"]
[Result "1-0"]
[TimeControl "90min/40moves + 15min/end + 30sec from move 1"]
[WhiteFideId "2822288"]
[BlackFideId "21864080"]
[WhiteElo "2278"]
[BlackElo "2434"]

1. e4 c5 2. Nf3 d6 3. d4 cxd4 4. Nxd4 Nf6 5. Nc3 Nc6 6. Bg5 e6 7. Qd3 Bd7 8. h4 h6 9. Nxc6 Bxc6 10.
Be3 Be7 11. Be2 d5 12. e5 Nd7 13. Bd4 Bxh4 14. O-O-O Be7 15. f4 Bc5 16. Qg3 g6 17. Ne4 Qe7 18. Nd6+ Kf8 19. Qe3 Bxd4 20.
Qxd4 Nf6 21. g4 Ne4 22. Bf3 Rd8 23. Nxe4 Qc7 24. Nd6 Qb6 25. Qxb6 axb6 26. g5 h5 27. Rd4 Ra8 28. a3 Ke7 29.
Rb4 Ra6 30. Rh2 Rha8 31. c3 Ra4 32. Kd2 b5 33. Bd1 Rxb4 34. cxb4 Ra6 35. Be2 Rb6 36. Nc8+ Kd8 37. Nxb6 1-0

[Event "IV Elllobregat Open Chess Tmnt"]
[Site "Sant Boi de Llobregat, Spain"]
[Date "2023.12.02"]
[Round "3.53"]
[White "Pogorelov, Ruslan"]
[Black "Injac, Teodora"]
[Result "1-0"]
[TimeControl "90min/40moves + 15min/end + 30sec from move 1"]
[WhiteFideId "14100363"]
[BlackFideId "932400"]
[WhiteElo "2271"]
[BlackElo "2431"]

1. Nf3 d5 2. d4 Nf6 3. c4 e6 4. Nc3 Nbd7 5. cxd5 exd5 6. Bg5 c6 7. Qc2 Be7 8. e3 Nh5 9. Bxe7 Qxe7 10.
Be2 g6 11. O-O Ndf6 12. Bd3 Ng7 13. Rab1 Bf5 14. b4 a6 15. a4 O-O 16. Rfc1 Rfc8 17. Bxf5 Nxf5 18. Qb3 b5 19. Ne5 Nd6 20.
Ra1 Qe8 21. Nd3 Nc4 22. Nc5 Rc7 23. Re1 Re7 24. Qc2 Kg7 25. Qa2 Nb6 26. Qb1 Qb8 27. h3 Nc4 28. a5 Qe8 29. Qd3 Raa7 30.
Re2 Nd7 31. Nb3 f5 32. Rae1 Qf7 33. f3 Nd6 34. Nd1 Nf6 35. Qc3 Nc4 36. Nc5 Kg8 37. Nf2 Nh5 38. e4 Nf4 39. Rc2 Qf6 40.
Kh2 Nh5 41. e5 Qg5 42. Nh1 f4 43. Rce2 Ng7 44. g4 fxg3+ 45. Nxg3 Qf4 46. Nd3 Qh4 47. f4 Ra8 48. f5 Nxf5 49.
Nxf5 gxf5 50. Rg1+ Kh8 51. Qc1 Rae8 52. Qf4 Qxf4+ 53. Nxf4 Rg7 54. Rf1 Rf7 55. Nd3 Ref8 56. Kg3 Rg7+ 57.
Kf4 Rfg8 58. Rff2 Rg1 59. e6 Rd1 60. Nc5 Rxd4+ 61. Kxf5 Rf8+ 62. Kg5 Rg8+ 63. Kf6 Rh4 64. Ke7 d4 65.
Re4 Rxh3 66. Rxd4 Rhg3 67. Nd7 Ne3 68. Rf7 R3g5 69. Nf6 Nf5+ 70. Kd7 R5g7 71. Rf4 Rf8 72. Rxf5 Rgxf7+ 73.
exf7 Rxf7+ 74. Ke6 Ra7 75. Rh5 1-0

[Event "IV Elllobregat Open Chess Tmnt"]
[Site "Sant Boi de Llobregat, Spain"]
[Date "2023.12.02"]
[Round "3.54"]
[White "Kochavi, Ori"]
[Black "Boraso, Alessio"]
[Result "1-0"]
[TimeControl "90min/40moves + 15min/end + 30sec from move 1"]
[WhiteFideId "2816873"]
[BlackFideId "848077"]
[WhiteElo "2430"]
[BlackElo "2270"]

1. e4 e6 2. d4 d5 3. Nd2 c5 4. Ngf3 cxd4 5. Nxd4 Nf6 6. exd5 Nxd5 7. c3 Be7 8. Nc4 a6 9. a4 b6 10.
Bd3 Qc7 11. O-O Bb7 12. Qh5 Nf6 13. Nxe6 Qc6 14. Nxg7+ Kf8 15. Qh3 Rg8 16. Bh6 Ng4 17. Be4 Qxh6 18. Bxb7 Qxh3 19. gxh3 Ra7 20.
Bg2 Nh6 21. Nh5 f5 22. Nxb6 f4 23. Kh1 Bd6 24. Nc8 1-0

[Event "IV Elllobregat Open Chess Tmnt"]
[Site "Sant Boi de Llobregat, Spain"]
[Date "2023.12.02"]
[Round "3.55"]
[White "Proudian, Armen"]
[Black "Selbes, Tamer Tarik"]
[Result "1/2-1/2"]
[TimeControl "90min/40moves + 15min/end + 30sec from move 1"]
[WhiteFideId "2130734"]
[BlackFideId "6302513"]
[WhiteElo "2428"]
[BlackElo "2238"]

1. e4 e5 2. Nf3 Nc6 3. Bb5 a6 4. Ba4 Nf6 5. O-O Be7 6. Re1 b5 7. Bb3 d6 8. c3 O-O 9. a4 Bb7 10.
d4 h6 11. d5 Na5 12. Bc2 c6 13. dxc6 Bxc6 14. Nbd2 Qd7 15. b4 Nb7 16. a5 Nd8 17. Nf1 Ne6 18. Ne3 Qb7 19. Nf5 Rfd8 20. N3h4 Bf8 21. Qd3 Ng5 22. Bxg5 hxg5 23. Nf3 g4 24.
Nd2 g6 25. Ne3 Bh6 26. Bb3 Kg7 27. Nd5 Bxd5 28. Bxd5 Nxd5 29. exd5 f5 30. Nf1 Rac8 31. Ne3 Rh8 32. Rac1 Bxe3 33. Qxe3 Rc4 34. Qg5 Qd7 35. Qe3 Qc7 36. Qb6 Qxb6 37.
axb6 Rb8 38. Ra1 Rxb6 39. Ra3 e4 40. f4 gxf3 41. gxf3 exf3 42. Kf2 Rh4 43. Kg3 Re4 44. Rea1 Kf6 45.
Rxa6 Rxa6 46. Rxa6 Ke5 47. Rb6 Re3 48. Rxb5 Rxc3 49. h4 Ke4 50. Rb8 f4+ 51. Kf2 Rc2+ 52. Kf1 Kxd5 53. b5 Rh2 54. Rg8 Rg2 55. b6 Kc6 56. Rd8 Kxb6 57. Rxd6+ Kc5 58.
Rd8 Rg4 59. Rg8 Kd4 60. Kf2 Rg3 61. Re8 Rh3 62. Re6 Rg3 63. Re7 Kd5 64. Re8 Rh3 65. Rg8 Ke4 66. Rxg6 Rh2+ 67. Kf1 Rxh4 68.
Re6+ Kf5 69. Re8 Rh2 70. Rf8+ Ke5 71. Re8+ Kd5 72. Rd8+ Ke6 73. Re8+ Kf7 74. Re4 Rh4 75. Kf2 Kf6 76.
Re8 Rh3 77. Rf8+ Kg7 78. Rxf4 1/2-1/2

[ePGN "0.1;DGT LiveChess/2.2.6"]

[Event "IV Elllobregat Open Chess Tmnt"]
[Site "Sant Boi de Llobregat, Spain"]
[Date "2023.12.03"]
[Round "4.1"]
[White "Narayanan, SL"]
[Black "Kozak, Adam"]
[Result "1-0"]
[TimeControl "90min/40moves + 15min/end + 30sec from move 1"]
[WhiteFideId "5058422"]
[BlackFideId "753246"]
[WhiteElo "2668"]
[BlackElo "2578"]

1. c4 e6 2. Nc3 b6 3. d4 Bb4 4. e4 Bb7 5. f3 Bxc3+ 6. bxc3 Ne7 7. Bd3 f5 8. Nh3 O-O 9. exf5 Nxf5 10.
O-O Nc6 11. Qc2 h6 12. Qe2 Qf6 13. Bf4 d6 14. Rae1 Rae8 15. Bd2 e5 16. d5 Na5 17. g4 Qh4 18. Qg2 Ne7 19. g5 Kh8 20.
Re4 Qh5 21. Be1 Qg6 22. Bg3 Bc8 23. gxh6 gxh6 24. Rh4 Bf5 25. Be2 Qg7 26. f4 Ng6 27. Rh5 Be4 28. Qxe4 exf4 29. Qd3 fxg3 30.
Rxf8+ Nxf8 31. hxg3 Nb7 32. Nf2 Nc5 33. Qf3 Nh7 34. Ng4 Ne4 35. Rxh6 Neg5 36. Qd3 Ne4 37. Kg2 Re7 38. Bf3 Neg5 39.
Rg6 Qf8 40. Qd4+ Rg7 41. Be2 Qf7 42. Rh6 Kg8 43. Rh1 Qe8 44. Bd3 c5 45. Qf4 Qe7 46. Nh6+ 1-0

[Event "IV Elllobregat Open Chess Tmnt"]
[Site "Sant Boi de Llobregat, Spain"]
[Date "2023.12.03"]
[Round "4.2"]
[White "Ioannidis, Evgenios"]
[Black "Pichot, Alan"]
[Result "1-0"]
[TimeControl "90min/40moves + 15min/end + 30sec from move 1"]
[WhiteFideId "4229274"]
[BlackFideId "110973"]
[WhiteElo "2502"]
[BlackElo "2650"]

1. d4 Nf6 2. c4 e6 3. Nc3 Bb4 4. Nf3 b6 5. Qb3 a5 6. g3 Bb7 7. Bg2 O-O 8. O-O Bxc3 9. Qxc3 d6 10.
b3 Nbd7 11. Bb2 Qb8 12. Rad1 Be4 13. Bh3 b5 14. d5 e5 15. Nd2 Bg6 16. cxb5 Nxd5 17. Qc6 N7b6 18. Bg2 Nb4 19. Qc1 Nxa2 20.
Qa1 Nb4 21. Bxa8 Qxa8 22. Bc3 N6d5 23. Bxb4 Nxb4 24. Nc4 Nc2 25. Qxa5 Qxa5 26. Nxa5 Nd4 27. Rxd4 exd4 28. Rc1 d3 29.
exd3 Bxd3 30. Rxc7 Bxb5 31. Nb7 d5 32. Nd6 Be2 33. f4 d4 34. Kf2 d3 35. Ke3 Rd8 36. Kd2 Bg4 37. Nxf7 Rb8 38.
Ne5 Be6 39. b4 Bf5 40. Nc6 1-0

[Event "IV Elllobregat Open Chess Tmnt"]
[Site "Sant Boi de Llobregat, Spain"]
[Date "2023.12.03"]
[Round "4.3"]
[White "Aravindh, Chithambaram Vr."]
[Black "Agmanov, Zhandos"]
[Result "1-0"]
[TimeControl "90min/40moves + 15min/end + 30sec from move 1"]
[WhiteFideId "5072786"]
[BlackFideId "13708309"]
[WhiteElo "2638"]
[BlackElo "2448"]

1. c4 e6 2. Nc3 d5 3. d4 Nf6 4. cxd5 exd5 5. Bg5 c6 6. e3 h6 7. Bh4 Be7 8. Bd3 O-O 9. Nge2 Re8 10.
O-O a5 11. f3 b5 12. Kh1 Nbd7 13. Bf2 Nb6 14. Qc2 b4 15. Na4 Nxa4 16. Qxa4 Bd7 17. Qc2 c5 18. dxc5 Rc8 19. Qd2 Bxc5 20.
Nd4 Qb6 21. Rfe1 b3 22. axb3 Bb4 23. Qe2 Bxe1 24. Bxe1 Rc5 25. Bc3 Rec8 26. Qe1 Qd8 27. b4 axb4 28. Bxb4 Rc4 29. Bxc4 Rxc4 30.
Bc3 Ne8 31. Qg3 Qe7 32. Qe1 Kh7 33. h3 Rc7 34. Ra5 Nf6 35. Ra8 Rc8 36. Rxc8 Bxc8 37. b4 Ne8 38. b5 Nc7 39. b6 Ne6 40. Qb1+ Kg8 41. Nf5 Qd7 42.
Qb2 Nc5 43. Nxg7 Na4 44. Nh5 1-0

[Event "IV Elllobregat Open Chess Tmnt"]
[Site "Sant Boi de Llobregat, Spain"]
[Date "2023.12.03"]
[Round "4.4"]
[White "Ter-Sahakyan, Samvel"]
[Black "Gholami Orimi, Mahdi"]
[Result "1/2-1/2"]
[TimeControl "90min/40moves + 15min/end + 30sec from move 1"]
[WhiteFideId "13302531"]
[BlackFideId "12558486"]
[WhiteElo "2618"]
[BlackElo "2442"]

1. d4 Nf6 2. c4 e6 3. Nc3 Bb4 4. e3 O-O 5. Bd3 d5 6. a3 Bxc3+ 7. bxc3 b6 8. cxd5 exd5 9. Ne2 c5 10.
O-O Ba6 11. f3 Re8 12. Ng3 Bxd3 13. Qxd3 Nbd7 14. Bb2 Rc8 15. Rae1 Qc7 16. Re2 Nf8 17. e4 Ng6 18. Ref2 Nf4 19.
Qd2 cxd4 20. cxd4 N6h5 21. Nxh5 Nxh5 22. e5 g6 23. g4 Ng7 24. f4 Qe7 25. f5 Qh4 26. Rg2 Kh8 27. Qf4 Rg8 28.
e6 gxf5 29. exf7 Rgf8 30. Qe5 Rxf7 31. Qxd5 Rcf8 32. Bc3 Qe7 33. Bb4 Rd8 34. Qf3 Qd7 35. d5 a5 36. Bc3 Qxd5 37. gxf5 Qxf3 38.
Rxf3 h6 39. Rfg3 Rdd7 40. Rb2 Kh7 41. Bxg7 Rxg7 42. Rxb6 Rxg3+ 43. hxg3 Rd3 44. Rb7+ Kg8 45. Kg2 Rxa3 46. Kh3 h5 47.
Ra7 Ra4 48. Ra6 Kh7 49. Ra7+ Kh6 1/2-1/2

[Event "IV Elllobregat Open Chess Tmnt"]
[Site "Sant Boi de Llobregat, Spain"]
[Date "2023.12.03"]
[Round "4.5"]
[White "Abdisalimov, Abdimalik"]
[Black "Yuffa, Daniil"]
[Result "0-1"]
[TimeControl "90min/40moves + 15min/end + 30sec from move 1"]
[WhiteFideId "14206323"]
[BlackFideId "24131423"]
[WhiteElo "2496"]
[BlackElo "2600"]

1. e4 c5 2. Nf3 d6 3. d4 cxd4 4. Nxd4 Nf6 5. Nc3 a6 6. Be3 e5 7. Nb3 Be6 8. f3 h5 9. Qd2 Nbd7 10.
Nd5 Bxd5 11. exd5 g6 12. O-O-O Bg7 13. Kb1 Rc8 14.
c4 b6 15. Be2 Nc5 16. Na1 O-O 17. h3 h4 18. Bg5 Re8 19. Nc2 Qd7 20. Bxh4 e4 21. Nd4 e3 22. Qe1 b5 23. Bxf6 Bxf6 24.
cxb5 Ra8 25. a3 Reb8 26. g4 axb5 27. Nc6 Rb6 28. Rh2 b4 29. Bc4 bxa3 30. b4 a2+ 31. Rxa2 Rxa2 32. Bxa2 Qb7 33.
Kc2 Qa6 34. Bb3 Qa3 0-1

[Event "IV Elllobregat Open Chess Tmnt"]
[Site "Sant Boi de Llobregat, Spain"]
[Date "2023.12.03"]
[Round "4.6"]
[White "Fedoseev, Vladimir"]
[Black "Levin, Guy"]
[Result "1-0"]
[TimeControl "90min/40moves + 15min/end + 30sec from move 1"]
[WhiteFideId "24130737"]
[BlackFideId "2824213"]
[WhiteElo "2675"]
[BlackElo "2404"]

1. d4 d5 2. Nf3 Nf6 3. c4 dxc4 4. e3 e6 5. Bxc4 a6 6. O-O Nbd7 7. a4 c5 8. Qe2 Qc7 9. Nc3 Bd6 10.
b3 O-O 11. Bb2 cxd4 12. exd4 Nb6 13. Nd1 Bd7 14. Ne5 Nxc4 15. bxc4 b5 16. Ne3 bxc4 17. N3xc4 Rfc8 18. Rfc1 Rab8 19.
g3 Be8 20. d5 Nxd5 21. Ng4 h5 22. Nxd6 Qxd6 23. Be5 Rxc1+ 24. Rxc1 Qa3 25. Qd2 hxg4 26. Bxb8 Qxa4 27. Be5 f6 28.
Bd6 Bg6 29. Qe2 Qe4 30. Qxe4 Bxe4 31. Rc4 Bf3 32. Ra4 Nc3 33. Rxa6 Ne2+ 34. Kf1 Nd4 35. Ra4 Nf5 36. Bc5 e5 37. Ke1 Kf7 38. Kd2 Kg6 39.
Kc3 Bd1 40. Ra3 Bf3 41. Kc4 Kf7 42. Kb5 Be2+ 43. Kb6 Nd4 44. Re3 Bf1 45. Re1 Bg2 46. Bxd4 exd4 47. Rd1 Ke6 48. Rxd4 f5 49.
Kc7 Ke5 50. Rb4 Ke6 51. Rb5 g6 52. Rb6+ Kf7 53. Kd6 Kf6 54. Kc5+ 1-0

[Event "IV Elllobregat Open Chess Tmnt"]
[Site "Sant Boi de Llobregat, Spain"]
[Date "2023.12.03"]
[Round "4.7"]
[White "Szpar, Milosz"]
[Black "Alekseenko, Kirill"]
[Result "0-1"]
[TimeControl "90min/40moves + 15min/end + 30sec from move 1"]
[WhiteFideId "1184989"]
[BlackFideId "4135539"]
[WhiteElo "2485"]
[BlackElo "2670"]

1. e4 e5 2. Nf3 Nc6 3. Nc3 Nf6 4. Bb5 Bb4 5. O-O O-O 6. d3 Bxc3 7. bxc3 d6 8. Re1 Bd7 9. d4 Re8 10.
Bd3 h6 11. Rb1 Rb8 12. h3 Nh7 13. Be3 b6 14. Nd2 Qf6 15. Qf3 Qg6 16. Kh2 Nd8 17. Qg3 Qxg3+ 18. Kxg3 Ne6 19. Kh2 Nf4 20.
Bxf4 exf4 21. g3 fxg3+ 22. Kxg3 Nf6 23. f4 g6 24. h4 d5 25. e5 Nh5+ 26. Kf3 c5 27. dxc5 bxc5 28. c4 Bc6 29.
Rxb8 Rxb8 30. cxd5 Bxd5+ 31. Ke3 Rb2 32. a3 c4 33. Bxc4 Bxc4 34. Nxc4 Rxc2 35. Nd6 Ra2 36. f5 Rxa3+ 37. Kd4 Ra4+ 38. Kc5 gxf5 39. Nxf5 Kh7 40. Rg1 Rf4 41. Nd4 Re4 42. Nc6 a5 43. Kd5 Rxh4 44. Nxa5 Nf4+ 45. Kd6 h5 46.
Rf1 Kg7 47. Nc4 Ng6 48. Ne3 Rd4+ 49. Nd5 Re4 50. Rf5 h4 51. Rh5 Re1 52. Nf6 Rd1+ 53. Kc5 Kf8 54. e6 fxe6 55. Rh7 Rf1 56.
Ne4 Rf7 57. Rxf7+ Kxf7 58. Kd6 e5 59. Kd7 Nf4 60. Kd6 Nd3 61. Kd5 Kg6 62. Nd2 h3 63. Nf3 Kf5 64. Nh2 Kf4 65. Nf1 Nf2 66.
Nh2 Ng4 67. Nf1 Ne3+ 68. Nxe3 Kxe3 69. Kxe5 0-1